 Dungeon Crawl Stone Soup version 0.31-a0-496-g6f97920a28 (webtiles) character file.

Game seed: 7796409439423186677

198 ytrimaz the Ruffian (level 5, -1/29 HPs)
             Began as a Demonspawn Shapeshifter on Aug 8, 2023.
             Slain by a steam dragon (8 damage)
             ... on level 4 of the Dungeon.
             The game lasted 00:04:03 (2846 turns).

ytrimaz the Ruffian (Demonspawn Shapeshifter)       Turns: 2846, Time: 00:04:04

Health: -1/29      AC:  2    Str: 18    XL:     5   Next: 47%
Magic:  5/5        EV: 16    Int:  9    God:
Gold:   77         SH:  0    Dex: 13    Spells: 4/4 levels left

rFire   . .          .
                       - Unarmed
rCold   . . .        (shield currently unavailable)
rNeg    . . .        a - +0 animal skin
rPois   .            (no helmet)
rElec   .            (no cloak)
rCorr   .            (no gloves)
SInv    .            (no boots)
Will    .....        (no amulet)
Stlth   +            (no ring)
HPRegen 0.24/turn    (no ring)
MPRegen 0.09/turn

%: no passive effects
@: flux-form, glowing
A: glow, contaminating, reduced hp, powered by pain 1, condensation shield
a: Begin Untransformation


You were on level 4 of the Dungeon.
You were something dangerously unstable.
You visited 1 branch of the dungeon, and saw 4 of its levels.

You collected 77 gold pieces.


Innate Abilities, Weirdness & Mutations

You are something dangerously unstable.
You glow with magical radiation, making you easy to see and hit.
Foes you strike become dangerously contaminated with magical radiation.
Your maximum health is decreased, since you lack skill for your form.
You are incapable of wielding weapons or throwing items.
You sometimes gain a little power by taking damage.
A meltable shield of frost defends you. (SH +0)


   Skills:
 - Level 1.0 Fighting
 - Level 2.0 Dodging
 * Level 4.3 Unarmed Combat
 * Level 3.9 Shapeshifting


You had 4 spell levels left.
You didn't know any spells.
Your spell library was empty.

Inventory:

Armour
 a - a +0 animal skin (worn)
Talismans
 c - a beast talisman
 d - a flux talisman (active)
 h - a maw talisman
   (You found it on level 2 of the Dungeon)
Scrolls
 f - a scroll of teleportation {unknown}
 i - a scroll of amnesia {unknown}
 k - a scroll of revelation {unknown}
 l - 4 scrolls of identify {unknown}
 n - a scroll of fear {unknown}
Potions
 b - 2 potions of lignification
 e - 3 potions of curing {unknown}
 g - a potion of attraction {unknown}
 j - a potion of haste {unknown}
 m - a potion of heal wounds {unknown}
 o - a potion of brilliance {unknown}
 p - a potion of might {unknown}

Dungeon Overview and Level Annotations

Branches:
Dungeon (4/15) Zot: 21159
 Temple: D:4-7

Altars:
Vehumet

Shops:
D:4

= ...# ##...รท<## #.## .#.##
##.......## #..##
....####.........####...########
.......)..............>.........
#...####............#.#.########
##.## ##........##..โˆฉ..# ####
##.....#.####.### # ##...##.#
#..# # ##'##.B# #..# # #.##D##
##.# # #.##...D.### #
##.####...... # #########...##
.####. # #......#.....# . #
#.####.##...### .#
###.####.##.....# #
......##.##..####


You could see a steam dragon (contam, catching breath, misshapen).


Message History

A scorpion is nearby!
A scorpion is nearby!
A scorpion is nearby!
A scorpion is nearby!
The scorpion misses you. The scorpion stings you.
You are poisoned.
The scorpion poisons you! ๐Ÿ˜• HP[-4]
You take 4 damage, and now have 33/37 hp.
You hit the scorpion.
You feel sick.
The scorpion barely misses you. ๐Ÿ˜• HP[-2]
You take 2 damage, and now have 31/37 hp.
You hit the scorpion but do no damage.
You feel sick. The scorpion misses you.
You hit the scorpion.
You feel sick. The scorpion stings you.
You are more poisoned.
The scorpion poisons you! ๐Ÿ˜• HP[-2]
You take 2 damage, and now have 29/37 hp.
You punch the scorpion!
You feel very sick. The scorpion stings you.
You are more poisoned.
The scorpion poisons you! ๐Ÿ˜ฎ HP[-7]
You take 7 damage, and now have 22/37 hp.
You are too injured to fight recklessly!
You hit the scorpion.
You kill the scorpion!
You feel very sick. ๐Ÿ˜จ HP[-4]
You take 4 damage, and now have 18/37 hp.
You feel very sick. ๐Ÿ˜จ HP[-3]
You take 3 damage, and now have 15/37 hp.
Unknown command.
You feel very sick.
You feel sick.
You feel sick.
You feel sick.
You feel sick.
You feel sick.
You feel sick.
You feel sick.
You feel sick.
You are no longer poisoned.
Key pressed, stopping explore.
Key pressed, stopping explore.
Unknown command. ๐Ÿ˜ฎ HP[+9]
You regained 9 hp, and now have 24/37 hp.
Key pressed, stopping explore.
Key pressed, stopping explore.
Key pressed, stopping explore.
You open the door.
There is an open door here.
Key pressed, stopping explore.
A steam dragon comes into view. ๐Ÿ˜Ž HP[+13]
Your hp is fully restored (37).
A steam dragon is nearby!
A steam dragon is nearby!
A steam dragon is nearby!
A steam dragon is nearby!
You begin transforming.
You continue transforming. x3
Your transformation has ended.
You turn into something dangerously unstable. ๐Ÿ˜Ž HP[-8]
You now have 29 max hp (-8).
Unknown command.
You start waiting.
A steam dragon is nearby!
You hit the steam dragon but do no damage.
The steam dragon begins to glow.
The steam dragon bites you. The steam dragon claws you. ๐Ÿ˜ฎ HP[-8]
You take 8 damage, and now have 21/29 hp.
MASSIVE DAMAGE!! (PAUSE)
You hit the steam dragon.
The steam dragon glows dangerously bright.
The steam dragon breathes steam at you. The ball of steam misses you.
You hear an angry hiss.
You hear a shout! x2; You hear an angry hiss.
You hit the steam dragon but do no damage.
The steam dragon shudders as magic cascades through it!!
The steam dragon twists and deforms.
You are engulfed in a cloud of scalding steam.
Your condensation shield dissipates! ๐Ÿ˜ฎ HP[-4]
You take 4 damage, and now have 17/29 hp.
You closely miss the steam dragon.
You are engulfed in a cloud of scalding steam.
The steam dragon bites you but does no damage.
The steam dragon closely misses you. ๐Ÿ˜ฎ HP[-1]
You take 1 damage, and now have 16/29 hp.
You hit the steam dragon.
The steam dragon begins to glow.
You are engulfed in a cloud of scalding steam.
* * * LOW HITPOINT WARNING * * *
The steam dragon bites you!
You die...

Skill      XL: |  1  2  3  4 |
---------------+-------------+-----
Dodging        | 2 |  2.0
Shapeshifting  | 3 |  3.9
Unarmed Combat | 3 4 |  4.3
Fighting       | |  1.0

Action                     |  1- 3 |  4- 6 || total
---------------------------+-------+-------++-------
  Melee: Unarmed           |   148 |    84 ||   232
         Punch             |     2 |     2 ||     4
         Maw               |     1 |       ||     1
   Stab: Sleeping          |     1 |     1 ||     2
 Armour: Animal skin       |    38 |     7 ||    45
  Dodge: Dodged            |   108 |    55 ||   163
  Block: Other             |    11 |    17 ||    28
   Form: Flux              |     2 |     1 ||     3
         Beast             |     2 |       ||     2
         Maw               |     1 |       ||     1

Levels and vault maps discovered:
D:1:      zaba_arrival_water, layout_basic, basic_ecumenical_altar,
          nicolae_hexahallways
D:2:      layout_loops_ring
D:3:      layout_basic, fiery_altar_vehumet
D:4:      minmay_evil_eye, layout_loops_corners, mainiacjoe_overflow_alcove_1,
          marbit_many_paths, serial_shops, nicolae_shop_crystal,
          minmay_misc_feat_room, uniq_blork_the_orc

Notes
Turn   | Place    | Note
-------+----------+-------------------------------------------
     0 | D:1      | ytrimaz the Demonspawn Shapeshifter began the quest for the
                  | Orb.
     0 | D:1      | Reached XP level 1. HP: 15/15 MP: 1/1
     0 | D:1      | magus.rc [v1.9.6]
    72 | D:1      | Reached skill level 2 in Dodging
    95 | D:1      | Found a faded altar of an unknown god.
   134 | D:1      | Gained mutation: You sometimes gain a little power by
                  | taking damage. [demonic ancestry]
   134 | D:1      | Reached XP level 2. HP: 13/21 MP: 2/2
   163 | D:1      | Reached skill level 3 in Shapeshifting
   360 | D:1      | Reached skill level 3 in Unarmed Combat
   640 | D:1      | Gained mutation: A meltable shield of frost defends you.
                  | (SH +0) [demonic ancestry]
   640 | D:1      | Reached XP level 3. HP: 25/26 MP: 3/3
  1738 | D:3      | Reached XP level 4. HP: 22/32 MP: 4/4
  2261 | D:3      | Reached skill level 4 in Unarmed Combat
  2453 | D:3      | Found a radiant altar of Vehumet.
  2497 | D:4      | Found Ihakor's Jewellery Shoppe.
  2510 | D:4      | Reached XP level 5. HP: 33/37 MP: 5/5
  2600 | D:4      | HP: 9/37 [poisoned by a scorpion]
  2605 | D:4      | HP: 6/37 [poisoned by a scorpion]
  2831 | D:4      | Noticed a steam dragon
  2846 | D:4      | HP: 7/29 [steam dragon] (9)]
  2846 | D:4      | Slain by a steam dragon

Vanquished Creatures
  A scorpion (D:4)
  A sleepcap (D:3)
  4 adders
  2 dart slugs (D:1)
  7 endoplasms
  4 giant cockroaches
  5 goblins
  9 hobgoblins
  6 jackals
  A quokka (D:4)
  6 ball pythons
  9 bats
  4 frilled lizards
  2 kobolds
  10 rats
71 creatures vanquished.

Table legend:
 A = Non-vault XP
 B = Vault XP
 C = Vault XP percentage of total XP
 D = Non-vault monster count
 E = Vault monster count
 F = Vault count percentage of total count
                 A         B        C        D         E       F
            +---------+---------+-------+---------+---------+-------
      Total |     283 |       0 |   0.0 |      71 |       0 |   0.0
            +---------+---------+-------+---------+---------+-------
        D:1 |      55 |       0 |   0.0 |      31 |       0 |   0.0
        D:2 |      27 |       0 |   0.0 |      16 |       0 |   0.0
        D:3 |     105 |       0 |   0.0 |      20 |       0 |   0.0
        D:4 |      96 |       0 |   0.0 |       4 |       0 |   0.0
            +---------+---------+-------+---------+---------+-------

Skill      XL: |  1  2  3  4 |
---------------+-------------+-----
Dodging        | 2 |  2.0
Shapeshifting  | 3 |  3.9
Unarmed Combat | 3 4 |  4.3
Fighting       | |  1.0

Action                     |  1- 3 |  4- 6 || total
---------------------------+-------+-------++-------
  Melee: Unarmed           |   148 |    84 ||   232
         Punch             |     2 |     2 ||     4
         Maw               |     1 |       ||     1
   Stab: Sleeping          |     1 |     1 ||     2
 Armour: Animal skin       |    38 |     7 ||    45
  Dodge: Dodged            |   108 |    55 ||   163
  Block: Other             |    11 |    17 ||    28
   Form: Flux              |     2 |     1 ||     3
         Beast             |     2 |       ||     2
         Maw               |     1 |       ||     1

Illustrated notes

Table legend:
 A = Kills in this place as a percentage of kills in the entire game.
 B = Kills by you in this place as a percentage of kills by you in the entire game.
 C = Kills by friends in this place as a percentage of kills by friends in the entire game.
 D = Other kills in this place as a percentage of other kills in the entire game.
 E = Experience gained in this place as a percentage of experience gained in the entire game.
 F = Experience gained in this place divided by the number of levels of this place that you have seen.
                   A       B       C       D       E      F
               +-------+-------+-------+-------+-------+----------------------
         Total | 100.0 | 100.0 |   N/A |   N/A | 100.0 |  70.8
       Dungeon | 100.0 | 100.0 |   N/A |   N/A | 100.0 |  70.8
               +-------+-------+-------+-------+-------+----------------------

Table legend: (Time is in decaauts)
 A = Elapsed time spent in this place.
 B = Non-inter-level travel time spent in this place.
 C = Inter-level travel time spent in this place.
 D = Time resting spent in this place.
 E = Time spent auto-exploring this place.
 F = Levels seen in this place.
 G = Mean time per level.
                   A        B        C        D        E       F      G
               +--------+--------+--------+--------+--------+-----+--------+
         Total |   2839 |   2798 |     41 |      2 |   2172 |   4 |  709.8 |
       Dungeon |   2839 |   2798 |     41 |      2 |   2172 |   4 |  709.8 |
               +--------+--------+--------+--------+--------+-----+--------+

Top non-repeatable levels by time:
     D:1: 1021 daAuts
     D:3: 825 daAuts
     D:2: 645 daAuts
     D:4: 347 daAuts
